 Dungeon Crawl Stone Soup version 0.29.1-4-g47bece8355 (webtiles) character file.

Game seed: 3028146902014737516

56679 venomsnake the Severer (level 14, -9/135 HPs)
             Began as a Minotaur Berserker on Dec 9, 2022.
             Was the Champion of Trog.
             Mangled by a red ugly thing (19 damage)
             ... on level 13 of the Dungeon.
             The game lasted 01:29:04 (17820 turns).

venomsnake the Severer (Minotaur Berserker)        Turns: 17820, Time: 01:29:04

Health: -9/135     AC: 21    Str: 26    XL:     14   Next: 42%
Magic:  13/13      EV: 16    Int:  4    God:    Trog [******]
Gold:   1168       SH:  0    Dex: 17    Spells: 13/13 levels left

rFire   . . .      SeeInvis .   E - +8 frozen axe "Frostbite" {freezing cloud, *Noise Fly rC+}
rCold   + . .      Faith    .   (shield currently unavailable)
rNeg    . . .      Spirit   .   w - +2 chain mail {rPois}
rPois   +          Reflect  .   (helmet restricted)
rElec   .          Harm     .   p - +0 cloak
rCorr   .          Rampage  .   K - +0 pair of gloves
Will    ++...                   q - +1 pair of boots
Stlth   ..........              u - amulet of regeneration
HPRegen 1.12/turn               I - +6 ring of dexterity
MPRegen 0.13/turn               H - ring of willpower

@: flying
A: horns 2, retaliatory headbutt
a: Renounce Religion, Berserk, Trog's Hand, Brothers in Arms


You were on level 13 of the Dungeon.
You worshipped Trog.
Trog was exalted by your worship.
You visited 2 branches of the dungeon, and saw 18 of its levels.

You collected 1168 gold pieces.

Inventory:

Hand Weapons
 z - a +2 executioner's axe of venom
 C - a +2 broad axe of flaming
 E - the +8 frozen axe "Frostbite" (weapon) {freezing cloud, *Noise Fly rC+}
   (You took it off an orc wizard on level 7 of the Dungeon)

   It freezes those it strikes, dealing additional cold damage.
   It can also slow down cold-blooded creatures.
   It occasionally leaves clouds of freezing vapour upon striking a foe.
   It grants immunity to clouds of freezing vapour.
   rC:        It protects you from cold.
   Fly:       It grants you flight.
   *Noise:    It may make noises in combat.
 L - a +2 battleaxe of flaming
Missiles
 e - 132 stones (quivered)
 v - 2 throwing nets
Armour
 p - a +0 cloak (worn)
 q - a +1 pair of boots (worn)
 w - a +2 chain mail of poison resistance (worn)
 A - the +0 chain mail of Undesirable Species {+Blink}
   (You found it on level 7 of the Dungeon)

   +Blink:    It lets you blink.
 K - a +0 pair of gloves (worn)
Jewellery
 n - a +4 ring of evasion
 u - an amulet of regeneration (around neck)
 F - a ring of ice
 H - a ring of willpower (right hand)
 I - a +6 ring of dexterity (left hand)
 J - a ring of poison resistance
 M - an amulet of guardian spirit
 N - an amulet of faith
 Q - a ring of resist corrosion
 W - a ring of ice
Wands
 i - a wand of polymorph (5)
 t - a wand of roots (6)
 y - a wand of charming (22)
 B - a wand of quicksilver (12)
Scrolls
 c - 3 scrolls of noise
 d - 16 scrolls of teleportation
 f - 2 scrolls of poison
 g - a scroll of torment {unknown}
 h - a scroll of fear {unknown}
 l - 8 scrolls of blinking
 r - 6 scrolls of fog
 x - 3 scrolls of immolation
 G - 2 scrolls of silence
 O - a scroll of vulnerability {unknown}
 R - 2 scrolls of brand weapon {unknown}
 S - a scroll of identify
 U - a scroll of enchant armour
 V - 2 scrolls of enchant weapon
Potions
 a - 2 potions of cancellation {unknown}
 b - 4 potions of degeneration
 j - a potion of mutation
 k - 10 potions of curing
 m - a potion of might {unknown}
 o - 3 potions of berserk rage
 s - 5 potions of heal wounds
 D - 3 potions of attraction
 P - 2 potions of haste {unknown}
 T - a potion of flight {unknown}


   Skills:
 + Level 15.6 Fighting
 + Level 15.7 Axes
 + Level 15.4 Armour
 + Level 14.2 Dodging


You had 13 spell levels left.
You didn't know any spells.
Your spell library was empty.

Dungeon Overview and Level Annotations

Branches:
Dungeon (13/15)            Temple (0/1) D:4            Lair (5/5) D:8
 Shoals (0/4) Lair:3       Spider (0/4) Lair:2        Slime (0/5) Lair:4
    Orc (0/2) D:12
 Vaults: D:13-14

Altars:
Ashenzari
Cheibriados
Dithmenos
Gozag
Makhleb
Okawaru
Ru
Sif Muna
Vehumet
Wu Jian
Xom
Jiyva

Shops:
D:6 !

Annotations:
D:13 Frances


Innate Abilities, Weirdness & Mutations

You have a pair of horns on your head.
You reflexively headbutt those who attack you in melee.


Message History

The fire elemental disappears in a puff of smoke!
No target in view!
You see here a +0 long sword.
A sourceless malevolence fills the Dungeon... and a teleportation trap spontaneously manifests!
You are yanked towards some nearby monsters!
Your surroundings suddenly seem different.
A centaur warrior and a red ugly thing come into view.
Found a club.
The centaur warrior wields a +0 shortbow.
The centaur warrior shoots an arrow.
The arrow misses you.
The centaur warrior shoots an arrow.
The arrow hits you!
The centaur warrior shoots an arrow.
The arrow hits you!
The centaur warrior shoots an arrow.
The arrow misses you.
The centaur warrior shoots an arrow.
The arrow hits you but does no damage.
The centaur warrior shoots an arrow.
The arrow hits you!
The centaur warrior shoots an arrow.
The arrow misses you.
The centaur warrior shoots an arrow.
The arrow hits you!
The centaur warrior shoots an arrow.
The arrow misses you.
The centaur warrior shoots an arrow.
The arrow hits you!
The centaur warrior shoots an arrow.
The arrow hits you!
The red ugly thing trunk-slaps you but does no damage.
You see here a wand of charming (5).
The red ugly thing attacks as you move away!
The red ugly thing trunk-slaps you.
You are engulfed in flames!!
* * * LOW HITPOINT WARNING * * *
The centaur warrior shoots an arrow.
The arrow closely misses you.
The centaur warrior shoots an arrow.
The arrow closely misses you.
Frances, Duchess of Pandemonium comes into view.
She is wielding a +2 vorpal scimitar.
The red ugly thing trunk-slaps you.
* * * LOW HITPOINT WARNING * * *
You are engulfed in flames!
* * * LOW HITPOINT WARNING * * *
Frances whispers indecipherable words.
Frances seems to speed up.
The centaur warrior shoots an arrow.
The arrow hits you!
* * * LOW HITPOINT WARNING * * *
The red ugly thing trunk-slaps you.
* * * LOW HITPOINT WARNING * * *
You are engulfed in flames!!
You die...

#..# #..#
.#####..########
................
...........@..
#........#
#...$....#
#........#
#..@.....#
#...u....#
#...c/...#
#........#
............#
............#####.
####..####........
#.. #........ #..
#........


You could see Frances (fast), a red ugly thing and a centaur warrior.

Vanquished Creatures
  Gastronok (Lair:2)
  3 hydras
  A boulder beetle (D:11)
  2 catoblepae
  3 centaur warriors
  2 two-headed ogres
  Sonja (Lair:3)
  Nergalle (Lair:1)
  3 deep elf pyromancers
  A manticore (D:10)
  An ugly thing (D:12)
  3 centaur zombies (D:10)
  3 black mambas
  17 elephants
  Maggie (D:7)
  A gargoyle (D:11)
  7 rime drakes
  3 cane toads
  4 unseen horror zombies (D:10)
  8 komodo dragons
  2 kobold demonologists
  3 trolls
  6 hornets (Lair:5)
  7 slime creatures
  Grinder (D:5)
  9 polar bears
  A dream sheep (Lair:5)
  4 blink frogs (Lair:3)
  A meliai zombie (D:10)
  A centaur simulacrum (D:12)
  3 jumping spiders (Lair:2)
  5 shadows (D:10)
  4 vampires (D:10)
  11 spriggans (Lair:5)
  7 wraiths
  5 basilisks
  51 yaks
  7 wyverns
  2 steam dragons (D:7)
  3 redbacks (Lair:2)
  4 vampire mosquitoes (D:12)
  Edmund (D:4)
  2 ice beasts (D:7)
  19 water moccasins
  4 black bears
  2 sky beasts
  3 orc warriors
  4 ogres
  35 wolves
  9 centaurs
  4 boggarts (Lair:5)
  3 phantoms
  2 kobold brigands
  Blork the orc (D:4)
  12 bullfrogs
  A scorpion (D:5)
  2 necrophages
  4 wights (D:8)
  6 killer bees
  A howler monkey (D:7)
  An electric eel (Lair:2)
  4 hounds
  3 jellies
  11 orc priests
  Terence (D:2)
  6 iguanas
  Ijyb (D:4)
  15 orc wizards
  A howler monkey zombie (D:10)
  7 gnolls
  6 adders
  3 white imps
  A worm (D:2)
  5 dart slugs
  46 orcs
  7 ball pythons
  10 bats
  6 endoplasms
  4 giant cockroaches
  10 goblins
  13 hobgoblins
  7 jackals
  2 quokkas
  5 frilled lizards
  8 kobolds
  2 rats
  A bush (Lair:3)
  A plant (Lair:5)
505 creatures vanquished.

Vanquished Creatures (others)
  27 fungi
  62 plants
  4 withered plants (D:10)
93 creatures vanquished.

Grand Total: 598 creatures vanquished

Notes
Turn   | Place    | Note
-------+----------+-------------------------------------------
     0 | D:1      | venomsnake the Minotaur Berserker began the quest for the
                  | Orb.
     0 | D:1      | Reached XP level 1. HP: 19/19 MP: 0/0
    95 | D:1      | Reached XP level 2. HP: 26/27 MP: 1/1
   374 | D:1      | Reached ** piety under Trog
   410 | D:1      | You fall into a shaft and drop 1 floor!
   445 | D:2      | Reached XP level 3. HP: 33/33 MP: 2/2
   924 | D:1      | You fall into a shaft and drop 1 floor!
  1016 | D:2      | Noticed Terence
  1025 | D:2      | Killed Terence
  1026 | D:2      | Reached XP level 4. HP: 22/41 MP: 3/3
  1773 | D:3      | Reached XP level 5. HP: 38/47 MP: 4/4
  2147 | D:3      | Reached *** piety under Trog
  2451 | D:3      | Found a shimmering blue altar of Sif Muna.
  2654 | D:4      | Noticed Edmund
  2672 | D:4      | Noticed Ijyb
  2675 | D:4      | Killed Ijyb
  2676 | D:4      | Reached skill level 5 in Axes
  2860 | D:4      | Reached skill level 5 in Fighting
  2863 | D:4      | Noticed Blork the orc
  2872 | D:4      | Killed Blork the orc
  2873 | D:4      | Reached XP level 6. HP: 56/56 MP: 5/5
  2892 | D:4      | Found a staircase to the Ecumenical Temple.
  2996 | D:4      | Killed Edmund
  3161 | D:4      | Reached XP level 7. HP: 57/62 MP: 6/6
  3185 | D:4      | Reached skill level 5 in Armour
  3617 | D:5      | Entered Level 5 of the Dungeon
  3671 | D:5      | Noticed Grinder
  3728 | D:5      | Killed Grinder
  3729 | D:5      | Reached skill level 5 in Dodging
  3891 | D:5      | Found an opulent altar of Gozag.
  4131 | D:5      | Reached XP level 8. HP: 71/71 MP: 7/7
  4200 | D:5      | Found an ornate altar of the Wu Jian Council.
  4889 | D:6      | Reached **** piety under Trog
  5174 | D:6      | Found an iron altar of Okawaru.
  5243 | D:6      | Found Atostocy's Distillery.
  5820 | D:7      | Reached XP level 9. HP: 72/81 MP: 8/8
  5969 | D:7      | Identified the +0 chain mail of Undesirable Species
                  | {+Blink}
  6124 | D:7      | Noticed Maggie
  6143 | D:7      | Killed Maggie
  6191 | D:7      | Noticed a four-headed hydra
  6197 | D:7      | Killed a one-headed hydra
  6198 | D:7      | Reached XP level 10. HP: 77/91 MP: 9/9
  6301 | D:7      | Noticed a deep elf pyromancer
  6305 | D:7      | Killed a deep elf pyromancer
  6971 | D:8      | Reached skill level 10 in Axes
  7001 | D:8      | Found a staircase to the Lair.
  7007 | D:8      | Reached skill level 10 in Fighting
  7008 | D:8      | Reached ***** piety under Trog
  7015 | D:8      | Reached skill level 10 in Armour
  7092 | D:8      | Found a broken altar of Ashenzari.
  7128 | Lair:1   | Entered Level 1 of the Lair of Beasts
  7281 | D:8      | Found a snail-covered altar of Cheibriados.
  7700 | Lair:1   | Noticed Nergalle
  7736 | Lair:1   | Killed Nergalle
  7737 | Lair:1   | Reached XP level 11. HP: 53/99 MP: 10/10
  7964 | Lair:1   | Reached skill level 10 in Dodging
  8083 | Lair:1   | Received a gift from Trog
  8680 | Lair:2   | Noticed a catoblepas
  8697 | Lair:2   | Killed a catoblepas
  9149 | Lair:2   | Noticed Gastronok
  9186 | Lair:2   | Killed Gastronok
  9331 | Lair:2   | Noticed a five-headed hydra
  9346 | Lair:2   | Killed a one-headed hydra
  9347 | Lair:2   | Reached XP level 12. HP: 77/113 MP: 11/11
  9618 | Lair:2   | Found a hole to the Spider Nest.
 10503 | Lair:3   | Found a staircase to the Shoals.
 10738 | Lair:3   | Noticed Sonja
 10765 | Lair:3   | Killed Sonja
 10945 | Lair:3   | You are sucked into a shaft and drop 2 floors!
 10945 | Lair:5   | Entered Level 5 of the Lair of Beasts
 10970 | Lair:5   | Noticed a four-headed hydra
 10980 | Lair:5   | Killed a two-headed hydra
 11267 | Lair:4   | Reached XP level 13. HP: 102/123 MP: 12/12
 11631 | Lair:4   | Found a staircase to the Slime Pits.
 11632 | Lair:4   | Found a viscous altar of Jiyva.
 12040 | Lair:3   | Received a gift from Trog
 13137 | Lair:5   | Paralysed by a hornet for 3 turns
 13326 | Lair:5   | Reached ****** piety under Trog
 14128 | Lair:5   | Received a gift from Trog
 15031 | D:9      | Reached skill level 15 in Axes
 15060 | D:9      | Found a sacrificial altar of Ru.
 15315 | D:10     | Entered Level 10 of the Dungeon
 15445 | D:10     | Reached skill level 15 in Fighting
 15445 | D:10     | Found a radiant altar of Vehumet.
 15527 | D:10     | Reached XP level 14. HP: 127/135 MP: 13/13
 15551 | D:10     | Found a shimmering altar of Xom.
 15640 | D:10     | Found a shadowy altar of Dithmenos.
 15859 | D:10     | Reached skill level 15 in Armour
 15883 | D:10     | Found a burning altar of Makhleb.
 17151 | D:12     | Found a shadowy altar of Dithmenos.
 17163 | D:12     | Received a gift from Trog
 17429 | D:12     | Found a staircase to the Orcish Mines.
 17818 | D:13     | Noticed Frances
 17820 | D:13     | Mangled by a red ugly thing

Illustrated notes

Levels and vault maps discovered:
D:1:      dpeg_arrival_tiny_c, layout_rooms, dreamdust_mushroom_princess
D:2:      layout_basic, uniq_terence
D:3:      layout_loops_ring, lemuel_crystal_altar
D:4:      layout_basic, minmay_temple_entry_glassed_door,
          minmay_goblin_kobold_house, uniq_blork_the_orc, uniq_edmund, uniq_ijyb
D:5:      layout_loops_ring, nicolae_wu_jian_glorious_leap,
          mainiacjoe_overflow_brackets, uniq_crazy_yiuf_cottage, uniq_grinder
D:6:      layout_layer_cave, mainiacjoe_overflow_chevrons, serial_shops,
          nicolae_shop_window_shopping
D:7:      nzn_winding_woodlands_cross [nzn_winding_woodlands_5x15_zeroes,
          nzn_winding_woodlands_5x15_parted, nzn_winding_woodlands_5x15_jagged,
          nzn_winding_woodlands_5x15_concentric,
          nzn_winding_woodlands_15x15_boxy_spiral], layout_basic,
          nicolae_titane, uniq_maggie
D:8:      layout_basic, cheibriados_altar_1, mainiacjoe_overflow_tiny_flanked,
          minmay_lair_entry_grove
D:9:      layout_basic, mainiacjoe_overflow_alcove_4, minmay_stone_trees_small
D:10:     layout_roguey, lemuel_tele_altar, mainiacjoe_overflow_small_starburst,
          overflow_temple_1_default, makhleb_altar_promises_db, serial_undead,
          serial_undead_c, serial_undead_c, serial_undead_a, serial_undead_a,
          serial_undead_a, serial_undead_d, serial_undead_b,
          grunt_decor_arrowhead, grunt_decor_mini_mirrors
D:11:     layout_cave_pods
D:12:     layout_irregular_city, david_orc_2, nicolae_dithmenos_shadow_blocks
D:13:     layout_small_grid, serial_shops, nicolae_square_shop, shop, pond,
          uniq_frances
Lair:1:   layout_hall_layers, grunt_megastairs_4, uniq_nergalle
Lair:2:   layout_chaotic_city, nicolae_spider_entry_tight_spaces,
          nicolae_quartered_pool_super, uniq_gastronok
Lair:3:   layout_hall_layers, minmay_shoals_entry_centaurs, grunt_megastairs_3,
          uniq_sonja
Lair:4:   dreamdust_cave_troll, layout_long_grid, slime_entry_1
Lair:5:   minmay_lair_end_enchanted_forest, layout_layer_cave,
          cheibrodos_lair_lostbears

Skill      XL: |  1  2  3  4  5  6  7  8  9 10 11 12 13 14 |
---------------+-------------------------------------------+-----
Fighting       | 4 5 6 7 9 10 12 13 15 | 15.6
Axes           | 4 5 6 8 9 10 12 13 15 | 15.7
Armour         | 3 4 5 7 9 10 12 13 14 15 | 15.4
Dodging        | 3 4 5 6 8 9 11 12 13 14 | 14.2

Action                   |  1- 3 |  4- 6 |  7- 9 | 10-12 | 13-15 || total
-------------------------+-------+-------+-------+-------+-------++-------
Melee: Hand axe          |    86 |     1 |       |       |       ||    87
       Headbutt          |    16 |    15 |    43 |    52 |    78 ||   204
       War axe           |       |    91 |   202 |       |       ||   293
       Punch             |       |       |     5 |       |       ||     5
       Broad axe         |       |       |     3 |    21 |       ||    24
       Executioner's axe |       |       |       |   275 |   349 ||   624
Throw: Stone             |       |    16 |     8 |       |    14 ||    38
  Use: Scroll            |       |       |     7 |     9 |     4 ||    20
       Potion            |       |       |       |     2 |       ||     2
Armor: Animal skin       |    20 |       |       |       |       ||    20
       Chain mail        |    22 |    56 |   127 |   237 |   241 ||   683
Dodge: Dodged            |    46 |    65 |   101 |   271 |   363 ||   846
